 Dungeon Crawl Stone Soup version 0.28.0-45-g0d030f2227 (webtiles) character file.

Game seed: 11174320884187349151

362 protoss039 the Digger (level 6, -9/38 HPs)
             Began as a Gargoyle Earth Elementalist on May 10, 2022.
             Mangled by a wight
             ... wielding a +5 halberd
              (18 damage)
             ... on level 4 of the Dungeon.
             The game lasted 00:07:02 (4890 turns).

protoss039 the Digger (Gargoyle Earth Elementalist) Turns: 4890, Time: 00:07:03

Health: -9/38      AC:  7    Str: 12    XL:     6   Next: 66%
Magic:  7/10       EV: 11    Int: 17    God:
Gold:   202        SH:  0    Dex: 10    Spells: 5/11 levels left

rFire   + . .      SeeInvis .   j - +2 short sword (drain)
rCold   + . .      Faith    .   (no shield)
rNeg    + . .      Spirit   .   t - +0 robe {rC+ rF+}
rPois   ∞          Reflect  .   (no helmet)
rElec   +          Harm     .   (no cloak)
rCorr   .          Rampage  .   (no gloves)
Will    .....                   n - +0 pair of boots
Stlth   ++........              (no amulet)
HPRegen 0.12/turn               (no ring)
MPRegen 0.12/turn               (no ring)

@: no status effects
A: sickness immunity, AC +4, negative energy resistance 1, electricity
resistance, torment resistance 1, petrification resistance
a: no special abilities


You were on level 4 of the Dungeon.
You visited 1 branch of the dungeon, and saw 4 of its levels.

You collected 202 gold pieces.

Inventory:

Hand Weapons
 j - a +2 short sword of draining (weapon)
Missiles
 c - 47 stones
Armour
 i - the +0 buckler of the Dungeon {Harm rN+ Regen+}
   (You found it on level 2 of the Dungeon)

   rN:        It protects you from negative energy.
   Regen:     It increases your rate of health regeneration.
   Harm:      It increases damage dealt and taken.
 n - a +0 pair of boots (worn)
 t - a +0 robe of resistance (worn)
Scrolls
 a - a scroll of summoning {unknown}
 d - a scroll of brand weapon {unknown}
 g - a scroll of identify
 k - a scroll of magic mapping {unknown}
 m - a scroll of amnesia
 o - a scroll of immolation
 q - a scroll of fear
 r - a scroll of enchant weapon
Potions
 b - a potion of mutation {unknown}
 e - a potion of might {unknown}
 f - a potion of berserk rage {unknown}
 l - a potion of curing {unknown}
 s - a potion of flight {unknown}


   Skills:
 * Level 4.3 Fighting
 + Level 2.8 Armour
 - Level 1.5 Dodging
 - Level 2.1 Stealth
 + Level 3.3 Spellcasting
 - Level 1.0 Transmutations
 + Level 5.0 Earth Magic


You had 5 spell levels left.
You knew the following spells:

 Your Spells              Type           Power      Damage    Failure   Level
a - Sandblast             Erth           38%        2d10      2%          1
b - Passwall              Tmut/Erth      10%        N/A       8%          2
c - Stone Arrow           Conj/Erth      22%        3d8       19%         3

Your spell library contained the following spells:

 Spells                   Type           Power      Damage    Failure   Level
 Petrify                  Tmut/Erth      13%        N/A       43%         4
 Gell's Gravitas          Tloc           2%         N/A       45%         3
 Lesser Beckoning         Tloc           2%         N/A       45%         3
 Teleport Other           Tloc           2%         N/A       45%         3


Dungeon Overview and Level Annotations

Branches:
Dungeon (4/15)
 Temple: D:4-7

Altars:
Gozag
Zin

Shops:
D:1 *


Innate Abilities, Weirdness & Mutations

You are immune to sickness and miasma.
Your stone body is resilient. (AC +4)
You are immune to poison.
You resist negative energy. (rN+)
You are resistant to electric shocks. (rElec)
You are resistant to unholy torment.
You are immune to petrification.


Message History

The wight barely misses you.
You barely miss the wight.
The wight is moderately damaged.
The wight misses you.
You hit the wight.
The wight is heavily damaged.
The wight hits you with a +0 long sword.
You hit the wight but do no damage.
The wight is heavily damaged.
The wight hits you with a +0 long sword.
Casting: Sandblast (safe; 2% risk of failure)
Confirm with . or Enter, or press ? or * to list all spells.
Aiming: Sandblast (safe; 2% risk of failure)
Press: ? - help, Shift-Dir - straight line, f - wight
Aim: a wight, wielding a +0 long sword and wearing a +0 robe (heavily damaged, 79% to hit)
The blast of sand hits the wight but does no damage.
The wight is heavily damaged.
The wight hits you from afar with a +5 halberd!
The wight barely misses you.
Casting: Sandblast (safe; 2% risk of failure)
Confirm with . or Enter, or press ? or * to list all spells.
Aiming: Sandblast (safe; 2% risk of failure)
Press: ? - help, Shift-Dir - straight line, f/p - wight
Aim: a wight, wielding a +0 long sword and wearing a +0 robe (heavily damaged, 79% to hit)
The blast of sand hits the wight.
The wight is severely damaged.
The wight misses you. The wight barely misses you.
Casting: Sandblast (safe; 2% risk of failure)
Confirm with . or Enter, or press ? or * to list all spells.
Aiming: Sandblast (safe; 2% risk of failure)
Press: ? - help, Shift-Dir - straight line, f/p - wight
Aim: a wight, wielding a +0 long sword and wearing a +0 robe (severely damaged, 79% to hit)
The blast of sand hits the wight.
The wight is almost destroyed.
The wight closely misses you.
The wight hits you with a +0 long sword.
The wight hits you with a +0 long sword!
* * * LOW HITPOINT WARNING * * *
The wight hits you from afar with a +5 halberd!!
You die...

#........## ##........#
#........# #.......##
##.......# ######
####.####..##
#####....#####....# ####
#.........#.......##
.........z@....##..## ..#
..........zz..######..######
..#..............#
#.........##
.................#
##..........#
#...............##
#............ #...
...........# ##............
#..# ##.........#
#............. ##..#
###$.....## #.............
#..)# ########
##.....)<......


You could see 3 wights.

Vanquished Creatures
  A phantom (D:4)
  Blork the orc (D:4)
  A wight (D:4)
  Natasha (twice) (D:2)
  4 gnolls (D:2)
  2 adders
  A worm (D:4)
  A dart slug (D:3)
  2 orcs
  6 bats
  4 endoplasms
  4 giant cockroaches
  3 goblins (D:2)
  10 hobgoblins
  4 jackals
  2 quokkas
  6 ball pythons
  3 frilled lizards
  8 kobolds
  9 rats
74 creatures vanquished.

Notes
Turn   | Place    | Note
-------+----------+-------------------------------------------
     0 | D:1      | protoss039 the Gargoyle Earth Elementalist began the quest
                  | for the Orb.
     0 | D:1      | Reached XP level 1. HP: 10/10 MP: 3/3
    65 | D:1      | Reached skill level 1 in Transmutations
   305 | D:1      | Reached XP level 2. HP: 5/16 MP: 3/5
   536 | D:1      | Reached skill level 1 in Fighting
   709 | D:1      | Found Ojigrur's Assorted Antiques.
   995 | D:1      | Reached XP level 3. HP: 15/20 MP: 6/6
   997 | D:1      | Reached skill level 1 in Armour
  1348 | D:1      | Found a faded altar of an unknown god.
  1430 | D:2      | Learned a level 2 spell: Passwall
  1434 | D:2      | Learned a level 3 spell: Stone Arrow
  1533 | D:2      | Identified the +0 buckler of the Dungeon {Harm rN+ Regen+}
  1546 | D:2      | Reached skill level 4 in Earth Magic
  1755 | D:2      | Reached XP level 4. HP: 21/26 MP: 1/7
  1963 | D:2      | Noticed Natasha
  2323 | D:2      | Found an opulent altar of Gozag.
  2697 | D:2      | Killed Natasha
  2698 | D:2      | Reached XP level 5. HP: 32/32 MP: 5/9
  2713 | D:2      | Noticed Natasha
  2719 | D:2      | Killed Natasha
  4013 | D:4      | Noticed a phantom
  4026 | D:4      | Killed a phantom
  4027 | D:4      | Reached XP level 6. HP: 26/38 MP: 0/10
  4269 | D:4      | Noticed Blork the orc
  4279 | D:4      | Killed Blork the orc
  4521 | D:4      | Reached skill level 5 in Earth Magic
  4817 | D:4      | Found a glowing silver altar of Zin.
  4890 | D:4      | Mangled by a wight

Illustrated notes

Levels and vault maps discovered:
D:1:      sevenhm_arrival_forest_fort_small_6, layout_rooms, serial_shops, shop,
          hellmonk_ecumenical_altar_leap_of_faith, minmay_misc_feat_tiny
D:2:      layout_basic, basic_altar, patterned_corridor, uniq_natasha
D:3:      layout_loops_ring, grunt_decor_clamped, bh_walls_and_bars
D:4:      layout_cave_pods, kennysheep_mini, uniq_grinder, uniq_ijyb,
          uniq_blork_the_orc

Skill      XL: |  1  2  3  4  5  6 |
---------------+-------------------+-----
Transmutations | 1 |  1.0
Fighting       | 1 2 3 4 |  4.3
Armour         | 1 2 |  2.8
Earth Magic    | 4 5 |  5.0
Spellcasting   | 3 |  3.3
Dodging        | |  1.5
Stealth        | |  2.1

Action                   |  1- 3 |  4- 6 || total
-------------------------+-------+-------++-------
Melee: Short sword       |   124 |    87 ||   211
       Unarmed           |     2 |       ||     2
       Punch             |     2 |       ||     2
 Cast: Sandblast         |    16 |    30 ||    46
  Use: Scroll            |       |     6 ||     6
 Stab: Sleeping          |     6 |     6 ||    12
Armor: Robe              |    58 |    28 ||    86
Dodge: Dodged            |    90 |    55 ||   145
